 Dungeon Crawl Stone Soup version 0.30-a0-760-g5a9884bb7c (webtiles) character file.

Game seed: 5986020678123681792

91 sircluck the Covert (level 4, -7/23 HPs)
             Began as a Spriggan Brigand on Feb 10, 2023.
             Was an Initiate of Dithmenos.
             Killed by divine providence
             ... invoked by an orc priest
              (9 damage)
             ... on level 4 of the Dungeon.
             The game lasted 00:05:23 (2720 turns).

sircluck the Covert (Spriggan Brigand)              Turns: 2720, Time: 00:05:24

Health: -7/23      AC:  4    Str:  7    XL:     4   Next: 33%
Magic:  5/5        EV: 17    Int: 12    God:    Dithmenos [......]
Gold:   193        SH:  0    Dex: 18    Spells: 3/3 levels left

rFire   . . .      SeeInvis +    a - +2 dagger
rCold   . . .      Faith    .    (no shield)
rNeg    . . .      Spirit   .    b - +0 robe
rPois   .          Reflect  .    (helmet restricted)
rElec   .          Harm     .    x - +1 cloak
rCorr   .          Rampage  .    (gloves unavailable)
Will    .....                    (boots unavailable)
Stlth   ++++                     (no amulet)
HPRegen 0.23/turn                (no ring)
MPRegen 0.09/turn                (no ring)

@: very quick
A: very small, no large weapons, unfitting armour, see invisible, speed 3
a: Renounce Religion


You were on level 4 of the Dungeon.
You worshipped Dithmenos.
Dithmenos was noncommittal.
You visited 1 branch of the dungeon, and saw 4 of its levels.

You collected 193 gold pieces.

Inventory:

Hand Weapons
 a - a +2 dagger (weapon)
 i - a +0 dagger of venom
Missiles
 d - 6 poisoned darts (quivered)
 e - 3 curare-tipped darts
 m - 11 boomerangs
Armour
 b - a +0 robe (worn)
 c - a +0 cloak
 x - a +1 cloak (worn)
Jewellery
 v - a ring of positive energy
 w - a +6 ring of intelligence
Scrolls
 f - a scroll of amnesia {unknown}
 j - a scroll of enchant armour {unknown}
 o - 3 scrolls of identify {unknown}
 p - a scroll of fog {unknown}
 q - a scroll of teleportation {unknown}
 r - a scroll of noise {unknown}
 s - a scroll of blinking {unknown}
Potions
 g - a potion of curing {unknown}
 h - a potion of mutation {unknown}
 k - a potion of haste {unknown}
 l - 4 potions of brilliance {unknown}
 n - a potion of heal wounds {unknown}
 t - a potion of attraction {unknown}
 u - 2 potions of ambrosia {unknown}


   Skills:
 + Level 2.0 Fighting
 + Level 2.4 Short Blades
 + Level 2.1 Throwing
 + Level 2.2 Dodging
 + Level 8.0 Stealth


You had 3 spell levels left.
You didn't know any spells.
Your spell library was empty.

Dungeon Overview and Level Annotations

Branches:
Dungeon (4/15)
 Temple: D:4-7

Altars:
Dithmenos


Innate Abilities, Weirdness & Mutations

You are very small and have problems with some larger weapons.
You are too small for most types of armour.
You have supernaturally acute eyesight. (SInv)
You cover ground extremely quickly. (Speed+++)


Message History

A goblin and a kobold come into view.
The goblin is wielding a +1 dagger of electrocution.
The kobold shouts!
The goblin unwields a +1 dagger of electrocution.
It stops crackling.
The goblin wields a +0 sling.
The goblin shoots a sling bullet.
The sling bullet misses you.
The kobold throws a stone.
The stone misses you.
An orc and an orc priest come into view.
The orc moves out of view.
A ball python comes into view.
The goblin shoots a sling bullet.
The sling bullet hits you.
The orc priest shouts!
The goblin shoots a sling bullet.
The sling bullet misses you.
An orc comes into view. It is wielding a +0 war axe.
The goblin shoots a sling bullet.
The sling bullet misses you.
The orc shouts!
The goblin shoots a sling bullet.
The sling bullet misses you.
The orc priest looks braver for a moment.
An orc priest comes into view. It is wielding a +0 club.
The goblin shoots a sling bullet.
The sling bullet barely misses you.
An orc priest and 2 orcs come into view.
The orc priest looks encouraged for a moment.
The orc priest calls down the wrath of Beogh upon you.
Beogh smites you!
An orc priest comes into view. It is wielding a +0 club.
An orc comes into view. It is wielding a +0 mace.
The orc shouts!
The orc priest shouts!
The orc shouts!
The adder hisses angrily.
The orc shouts!
The orc throws a boomerang.
The boomerang misses you.
The orc priest mumbles some strange prayers to Beogh against you.
Beogh smites you!
Ouch! That really hurt!
* * * LOW HITPOINT WARNING * * *
The orc priest shouts!
The orc barely misses you.
You closely miss the orc. You completely miss the orc.
The iguana looks more healthy.
The orc priest mumbles some strange prayers to Beogh against you.
Beogh smites you!
You die...

..............###
.......<.............#
.........?...........#
.....................#
.....................#
...$n...........S..o.#
................oo...#
..........l.....o....#
....g.....K....S@o...#
..........(..........#
..........oo.........#
..............o......#
.....................#
...........o.........#
.....................#
..g..................#


You could see an iguana, 4 orc priests, an adder, 5 orcs, a ball python and a
kobold.

Vanquished Creatures
  An iguana (D:2)
  2 adders
  5 ball pythons
  6 bats
  2 endoplasms
  5 giant cockroaches
  7 goblins
  6 hobgoblins
  A frilled lizard (D:1)
  2 kobolds
  5 rats
42 creatures vanquished.

Notes
Turn   | Place    | Note
-------+----------+-------------------------------------------
     0 | D:1      | sircluck the Spriggan Brigand began the quest for the Orb.
     0 | D:1      | Reached XP level 1. HP: 10/10 MP: 2/2
    27 | D:1      | Reached skill level 6 in Stealth
   246 | D:1      | Reached XP level 2. HP: 9/15 MP: 3/3
  1042 | D:2      | Reached skill level 7 in Stealth
  1042 | D:2      | Reached XP level 3. HP: 17/18 MP: 4/4
  1124 | D:2      | Found a faded altar of an unknown god.
  1341 | D:2      | Found a shadowy altar of Dithmenos.
  1494 | D:2      | Became a worshipper of Dithmenos the Shadowed
  1521 | D:2      | Reached XP level 4. HP: 23/23 MP: 5/5
  2379 | D:3      | Reached skill level 8 in Stealth
  2655 | D:4      | Noticed a necrophage
  2717 | D:4      | HP: 1/23 [orc priest/divine providence (12)]
  2720 | D:4      | Killed from afar by an orc priest

Illustrated notes

Levels and vault maps discovered:
D:1:      dpeg_arrival_long_road, layout_basic, serial_forest,
          infiniplex_forest_lined_room_3, infiniplex_forest_clump_cross,
          infiniplex_forest_clump_double, infiniplex_forest_clump_small,
          infiniplex_forest_clump_small, infiniplex_forest_corner_2,
          amethyst_killhole, dreamdust_wishing_well
D:2:      layout_loops_corners, shapermc_ecumenical_altar_acropolis,
          basic_altar, hangedman_abyss_or_decor_lesser_grid
D:3:      layout_basic
D:4:      layout_basic, serial_shops, kennysheep_little_box

Skill      XL: |  1  2  3  4 |
---------------+-------------+-----
Stealth        | 6 7 8 |  8.0
Fighting       | 2 |  2.0
Dodging        | 2 |  2.2
Short Blades   | |  2.4
Throwing       | |  2.1

Action                     |  1- 3 |  4- 6 || total
---------------------------+-------+-------++-------
  Melee: Dagger            |   133 |    37 ||   170
         Punch             |     1 |       ||     1
  Throw: Dart              |     2 |     3 ||     5
   Stab: Sleeping          |     9 |     6 ||    15
         Distracted        |     1 |       ||     1
 Armour: Robe              |    15 |     2 ||    17
  Dodge: Dodged            |    79 |    30 ||   109

Table legend: (Time is in decaauts)
 A = Elapsed time spent in this place.
 B = Non-inter-level travel time spent in this place.
 C = Inter-level travel time spent in this place.
 D = Time resting spent in this place.
 E = Time spent auto-exploring this place.
 F = Levels seen in this place.
 G = Mean time per level.
                   A        B        C        D        E       F      G
               +--------+--------+--------+--------+--------+-----+--------+
         Total |   1746 |   1618 |    128 |      0 |   1254 |   4 |  436.5 |
       Dungeon |   1746 |   1618 |    128 |      0 |   1254 |   4 |  436.5 |
               +--------+--------+--------+--------+--------+-----+--------+

Top non-repeatable levels by time:
     D:1: 664 daAuts
     D:2: 629 daAuts
     D:3: 404 daAuts
     D:4: 47 daAuts
